AoeStats
← Barko

Black Forest

510638255Analyzed
2v2 RM · 2d ago on Oct 1, 2026· 38m 50s· 4 players
Game mode
Random Map
Map size
Medium (4 player)
Population
200
Speed
Normal
Resources
Standard
Victory
Conquest
Starting age
Dark Age
Ending age
Imperial Age
RankedLock teamsTeams togetherTeam positionsShared explorationLock speedFull tech treeHidden civsTurbo modeCheats
Victory
Defeat
🇨🇦 Poles · Canada
1110
+16
🇵🇹 Shu · Portugal
1109
+16
🇺🇸 Armenians · United States
1130
-16
🇺🇸 Bengalis · United States
1102
-16
FredproQc69
0:29 Loom
13:56 Feudal Age
19:10 Castle Age
17:41 Stone Mining
19:12 Double-Bit Axe
22:33 Horse Collar
24:18 Heavy Plow
26:24 Gold Mining
27:25 Szlachta Privileges
28:14 Bloodlines
28:12 Husbandry
29:52 Scale Barding Armor
30:07 Forging
31:29 Scale Mail Armor
bixo
2:08 Loom
12:13 Feudal Age
13:25 Double-Bit Axe
17:37 Castle Age
16:32 Fishing Lines
17:00 Fishing Lines
22:09 Gillnets
22:34 Bow Saw
25:03 Horse Collar
25:57 Gold Mining
25:58 Stone Mining
26:52 Wheelbarrow
26:02 Town Watch
27:46 Fletching
27:57 Padded Archer Armor
28:41 Heavy Plow
28:05 Crossbowman
32:12 Imperial Age
30:32 Hand Cart
31:03 Gold Shaft Mining
31:23 Thumb Ring
31:25 Bodkin Arrow
31:45 Leather Archer Armor
31:36 Scale Barding Armor
31:32 Scale Mail Armor
32:26 Arbalester
34:15 Chemistry
33:38 Ballistics
33:14 Murder Holes
34:25 Chemistry
33:36 Pikeman
34:02 Gambesons
34:17 Squires
34:03 Arson
35:18 Ring Archer Armor
34:54 Bracer
34:38 Halberdier
35:55 Ring Archer Armor
36:37 Two-Man Saw
37:41 Forging
37:46 Chain Mail Armor
37:52 Chain Barding Armor
MisterBinks
0:57 Loom
12:35 Feudal Age
16:31 Castle Age
15:42 Double-Bit Axe
15:39 Horse Collar
21:03 Wheelbarrow
21:44 Town Watch
27:41 Bow Saw
28:12 Gold Mining
28:14 Stone Mining
28:28 Town Patrol
31:35 Padded Archer Armor
35:09 Imperial Age
34:20 Gold Shaft Mining
34:51 Leather Archer Armor
34:26 Fletching
35:22 Heavy Plow
35:13 Onager
36:14 Paiks
37:45 Ring Archer Armor
37:11 Bodkin Arrow
Barko
1:11 Loom
13:27 Feudal Age
13:36 Man-at-Arms
15:13 Double-Bit Axe
14:51 Long Swordsman
16:02 Arson
18:26 Fletching
18:54 Scale Mail Armor
24:44 Castle Age
22:50 Horse Collar
23:08 Fishing Lines
25:21 Gillnets
26:44 Wheelbarrow
25:54 Town Watch
26:44 Bow Saw
28:09 Gold Mining
31:38 Imperial Age
29:55 Chain Mail Armor
30:52 Forging
31:41 Heavy Plow
32:24 Hand Cart
31:38 Pikeman
32:21 Squires
32:21 Gambesons
32:27 Two-Handed Swordsman
33:44 Conscription
32:58 Halberdier
34:35 Plate Mail Armor
34:40 Iron Casting
33:51 Halberdier
37:01 Bodkin Arrow
Connection lost

Rejoining the realm…

Still unreachable

The connection could not be restored.

Session expired

The server has moved on; the page needs a fresh start.